 Dungeon Crawl Stone Soup version 0.28-a0-1074-g3cb2360906 (webtiles) character file.

Game seed: 14370137321413168329

1638 CheeseeCupcake the Basher (level 8, -7/46 HPs)
             Began as a Gargoyle Berserker on Dec 9, 2021.
             Was an Elder of Trog.
             Mangled by Duvessa (16 damage)
             ... on level 6 of the Dungeon.
             The game lasted 00:20:47 (5794 turns).

CheeseeCupcake the Basher (Gargoyle Berserker)      Turns: 5794, Time: 00:20:47

Health: -7/46      AC: 15    Str: 24    XL:     8   Next: 98%
Magic:  8/8        EV: 14    Int:  9    God:    Trog [****..]
Gold:   330        SH:  0    Dex: 17    Spells: 7/7 levels left

rFire   + . .      SeeInvis +   b - +1 mace (protect)
rCold   + . .      Faith    .   (no shield)
rNeg    + . .      Spirit   .   p - +1 scale mail {rC+}
rPois   ∞          Reflect  .   m - +0 helmet
rElec   +          Harm     .   (no cloak)
rCorr   .          Rampage  .   l - +0 pair of gloves
Will    .....                   (no boots)
Stlth   ..........              c - amulet "Adghauq" {rF+ Regen+ Str+2 Dex+8}
HPRegen 0.95/turn               j - +4 ring of evasion
MPRegen 0.11/turn               x - ring of see invisible

@: studying Shields
A: sickness immunity, AC +5, negative energy resistance 1, electricity
resistance, torment resistance 1, petrification resistance
a: Renounce Religion, Berserk, Trog's Hand, Brothers in Arms


You were on level 6 of the Dungeon.
You worshipped Trog.
Trog was greatly pleased with you.
You visited 2 branches of the dungeon, and saw 7 of its levels.

You collected 330 gold pieces.

Inventory:

Hand Weapons
 a - a +0 war axe of flaming
 b - a +1 mace of protection (weapon)
Missiles
 f - a curare-tipped dart
 h - 14 poisoned darts (quivered)
Armour
 l - a +0 pair of gloves (worn)
 m - a +0 helmet (worn)
 p - a +1 scale mail of cold resistance (worn)
Jewellery
 c - the amulet "Adghauq" (around neck) {rF+ Regen+ Str+2 Dex+8}
   (You acquired it on level 6 of the Dungeon)

   [amulet of regeneration]

   Str:       It affects your strength (+2).
   Dex:       It affects your dexterity (+8).
   rF:        It protects you from fire.
   Regen:     It increases your rate of health regeneration.
 i - a ring of protection from cold
 j - a +4 ring of evasion (left hand)
 x - a ring of see invisible (right hand)
Wands
 r - a wand of iceblast (10)
 t - a wand of polymorph (14)
 v - a wand of acid (6)
Scrolls
 e - 7 scrolls of identify
 g - a scroll of silence {unknown}
 k - a scroll of fog
 n - a scroll of enchant weapon {unknown}
 o - a scroll of teleportation
 w - a scroll of acquirement
Potions
 q - a potion of flight
 s - 2 potions of invisibility


   Skills:
 - Level 3.2 Fighting
 - Level 6.1(8.2) Axes
 * Level 9.2(10.2) Maces & Flails
 - Level 2.1 Armour
 - Level 1.5 Dodging


You had 7 spell levels left.
You didn't know any spells.
Your spell library was empty.

Dungeon Overview and Level Annotations

Branches:
Dungeon (6/15)             Temple (1/1) D:5

Altars:
Elyvilon
Fedhas
Gozag
Makhleb
Nemelex Xobeh
Okawaru
Ru
Trog
Uskayaw
Wu Jian
Yredelemnul
Zin
The Shining One

Annotations:
D:6 Duvessa


Innate Abilities, Weirdness & Mutations

You are immune to sickness and miasma.
Your stone body is resilient. (AC +5)
You are immune to poison.
You resist negative energy. (rN+)
You are resistant to electric shocks. (rElec)
You are resistant to unholy torment.
You are immune to petrification.


Message History

Duvessa hits you but does no damage. Duvessa misses you.
You thump Duvessa!
Duvessa is heavily wounded.
Duvessa barely misses you. Duvessa hits you but does no damage.
You hit Duvessa.
Duvessa is heavily wounded.
Duvessa hits you but does no damage. Duvessa hits you with a +0 rapier.
You hit Duvessa.
Duvessa is heavily wounded.
Duvessa misses you. Duvessa hits you but does no damage.
You hit Duvessa but do no damage.
Duvessa is heavily wounded.
Duvessa hits you with a +0 rapier!
* * * LOW HITPOINT WARNING * * *
Duvessa hits you but does no damage.
You are confused.
You feel invigorated. Duvessa closely misses you.
Duvessa hits you but does no damage.
You feel yourself speed up. Duvessa hits you with a +0 rapier!
* * * LOW HITPOINT WARNING * * *
Duvessa hits you but does no damage. Duvessa hits you but does no damage.
Duvessa hits you but does no damage. Duvessa misses you.
You bump into the rock wall.
Duvessa closely misses you.
You bump into the rock wall.
Duvessa misses you. x2
You feel less invigorated.
You feel less confused. Duvessa misses you. Duvessa hits you with a +0 rapier.
Duvessa hits you but does no damage. Duvessa hits you with a +0 rapier!!
Duvessa barely misses you. Duvessa barely misses you.
Duvessa hits you with a +0 rapier!
* * * LOW HITPOINT WARNING * * *
You recover from your berserk rage.
Duvessa hits you with a +0 rapier.
* * * LOW HITPOINT WARNING * * *
Duvessa hits you with a +0 rapier!
You die...

####.## #.# #.....()##.. ### #.#
#.#####.#... * #.# #.#..)().... *
#.# #######....<#..... * ##.##
#...........#.#### # #...#
#<###.#.......# # #...#
#.###.#.##?#### # #...#
#.##.......####### #
#####...#####@##.......#.....#
####...........#e##.......#.....#
#...............................#
#.##............###..#....#.....#
#.######...####.# #.......#.....#
).# #...# #[####......####### ###
#...# #.........### #...#
#########.###### ##.##
#.........#


You could see Duvessa (berserk).

Vanquished Creatures
  An ice beast (D:6)
  3 ogres
  A necrophage (D:5)
  A centaur (D:5)
  A kobold brigand (D:6)
  A bullfrog (D:6)
  2 wyvern zombies (D:6)
  A scorpion (D:5)
  Dowan (D:6)
  5 hounds
  3 centaur zombies
  A jelly (D:6)
  2 orc priests
  A bullfrog skeleton (D:5)
  3 iguanas (D:5)
  Terence (D:2)
  A hound zombie (D:5)
  A hound skeleton (D:3)
  Robin (D:2)
  9 adders
  A shadow imp (D:5)
  A white imp (D:5)
  2 worms
  5 dart slugs
  22 orcs
  10 ball pythons
  6 endoplasms
  3 giant cockroaches
  15 goblins
  9 hobgoblins
  8 jackals (D:1)
  5 quokkas
  4 bats
  3 frilled lizards (D:1)
  10 kobolds
  8 rats
152 creatures vanquished.

Notes
Turn   | Place    | Note
-------+----------+-------------------------------------------
     0 | D:1      | CheeseeCupcake the Gargoyle Berserker began the quest for
                  | the Orb.
     0 | D:1      | Reached XP level 1. HP: 14/14 MP: 1/1
   204 | D:1      | Reached XP level 2. HP: 19/19 MP: 2/2
   610 | D:1      | Reached XP level 3. HP: 17/23 MP: 3/3
   619 | D:1      | Reached ** piety under Trog
   839 | D:1      | Found a faded altar of an unknown god.
  1068 | D:1      | You fall into a shaft and drop 1 floor!
  1458 | D:2      | Noticed Robin
  1461 | D:2      | Reached XP level 4. HP: 26/28 MP: 4/4
  1483 | D:2      | Killed Robin
  2048 | D:2      | Noticed Terence
  2057 | D:2      | Killed Terence
  2058 | D:2      | Reached skill level 5 in Axes
  2058 | D:2      | Reached XP level 5. HP: 30/32 MP: 5/5
  2109 | D:2      | Reached *** piety under Trog
  2587 | D:3      | Reached XP level 6. HP: 21/37 MP: 6/6
  2850 | D:3      | Found a sparkling altar of Nemelex Xobeh.
  3389 | D:4      | Reached skill level 1 in Maces & Flails
  3447 | D:4      | Found a blossoming altar of Fedhas.
  3539 | D:5      | Entered Level 5 of the Dungeon
  3726 | D:5      | Found a basalt altar of Yredelemnul.
  3749 | D:5      | Reached skill level 2 in Maces & Flails
  3763 | D:5      | Reached skill level 3 in Maces & Flails
  3900 | D:5      | Reached XP level 7. HP: 41/41 MP: 7/7
  3910 | D:5      | Reached skill level 4 in Maces & Flails
  4060 | D:5      | Reached skill level 5 in Maces & Flails
  4066 | D:5      | Found a staircase to the Ecumenical Temple.
  4272 | D:5      | Reached skill level 6 in Maces & Flails
  4340 | D:5      | Reached XP level 8. HP: 42/46 MP: 8/8
  4557 | D:5      | Found a bloodstained altar of Trog.
  4669 | D:5      | Reached **** piety under Trog
  4976 | Temple   | Entered the Ecumenical Temple
  5093 | D:6      | Identified 2 scrolls of acquirement
  5093 | D:6      | Acquired the amulet "Adghauq" {rF+ Regen+ Str+2 Dex+8}
  5190 | D:6      | Reached skill level 7 in Maces & Flails
  5665 | D:6      | Reached skill level 8 in Maces & Flails
  5708 | D:6      | Noticed Dowan
  5709 | D:6      | Noticed Duvessa
  5744 | D:6      | Killed Dowan
  5757 | D:6      | Reached skill level 9 in Maces & Flails
  5794 | D:6      | Mangled by Duvessa

Illustrated notes

Levels and vault maps discovered:
D:1:      heliophobic_arrival_enchanted_forest, layout_loops_ring,
          shapermc_ecumenical_altar_mp_urbaneastern, minivault_14,
          minmay_misc_feat_diagonals, dk_noncrumbling_3
D:2:      layout_loops_ring, minivault_26, grunt_ministairs_3,
          minmay_misc_feat_pillars, glass_columns_c, kennysheep_generic_room_13,
          uniq_robin, uniq_terence
D:3:      cheibrodos_pilgrimage, layout_rooms, lemuel_tele_altar
D:4:      layout_layer_cave, grunt_temple_overflow_magic_moments,
          mainiacjoe_overflow_alcove_2
D:5:      layout_loops_ring, mainiacjoe_overflow_tiny_flanked,
          mainiacjoe_overflow_cross_hatched, minmay_temple_entry_stoned_glass,
          gup_sewer_entry_bubbles, kennysheep_donut, minmay_misc_feat_five,
          minmay_manual_moon
D:6:      layout_loops_cross, nicolae_hepliaklqana_monster_ancestors,
          uniq_duvessa
Temple:   dpeg_three_leaves_temple

Skill      XL: |  1  2  3  4  5  6  7  8 |
---------------+-------------------------+-----
Axes           | 3 4 5 6 |  6.1
Maces & Flails | 3 6 9 |  9.2
Fighting       | |  3.2
Armour         | |  2.1
Dodging        | |  1.5

Action                   |  1- 3 |  4- 6 |  7- 9 || total
-------------------------+-------+-------+-------++-------
Melee: Hand axe          |    28 |       |       ||    28
       War axe           |    74 |    64 |       ||   138
       Mace              |       |   158 |   246 ||   404
Invok: Berserk           |       |       |     2 ||     2
  Use: Scroll            |       |       |    12 ||    12
       Potion            |       |       |     2 ||     2
Armor: Scale mail        |    65 |   148 |   121 ||   334
       Animal skin       |     1 |       |       ||     1
Dodge: Dodged            |    67 |   140 |   183 ||   390

Table legend: (Time is in decaauts)
 A = Elapsed time spent in this place.
 B = Non-inter-level travel time spent in this place.
 C = Inter-level travel time spent in this place.
 D = Time resting spent in this place.
 E = Time spent auto-exploring this place.
 F = Levels seen in this place.
 G = Mean time per level.
                   A        B        C        D        E       F      G
               +--------+--------+--------+--------+--------+-----+--------+
         Total |   5915 |   5435 |    480 |    466 |   3643 |   7 |  845.0 |
       Dungeon |   5834 |   5368 |    466 |    466 |   3585 |   6 |  972.3 |
        Temple |     80 |     66 |     14 |      0 |     58 |   1 |   80.0 |
               +--------+--------+--------+--------+--------+-----+--------+

Top non-repeatable levels by time:
     D:5: 1361 daAuts
     D:1: 1224 daAuts
     D:2: 1219 daAuts
     D:3: 916 daAuts
     D:6: 704 daAuts
     D:4: 408 daAuts
  Temple: 80 daAuts
